 Dungeon Crawl Stone Soup version 0.30.0-19-g36f170ea60 (webtiles) character file.

Game seed: 12223159154922085319

170 AlmostDecent the Chiller (level 5, -3/37 HPs)
             Began as a Gnoll Ice Elementalist on May 31, 2023.
             Engulfed by a cloud of flame (26 damage)
             ... on level 2 of the Dungeon.
             The game lasted 00:07:04 (2411 turns).

AlmostDecent the Chiller (Gnoll Ice Elementalist)   Turns: 2411, Time: 00:07:05

Health: -3/37      AC:  2    Str:  8    XL:     5   Next: 50%
Magic:  12/12      EV: 13    Int: 16    God:
Gold:   82         SH:  0    Dex: 12    Spells: 3/14 levels left

rFire   . . .        h - +2 short sword (speed)
rCold   . . .        (no shield)
rNeg    . . .        a - +0 robe
rPois   .            (no helmet)
rElec   .            (no cloak)
rCorr   .            (no gloves)
SInv    .            (no boots)
Will    .....        (no amulet)
Stlth   +++          (no ring)
HPRegen 0.26/turn    (no ring)
MPRegen 0.13/turn

%: no passive effects
@: no status effects
A: fangs 1, strong nose, distributed training
a: no special abilities


You were on level 2 of the Dungeon.
You visited 1 branch of the dungeon, and saw 2 of its levels.

You collected 82 gold pieces.

Inventory:

Hand Weapons
 c - a +0 dagger
 h - a +2 short sword of speed (weapon)
Armour
 a - a +0 robe (worn)
Wands
 d - a wand of polymorph (4)
Scrolls
 e - a scroll of teleportation {unknown}
 f - a scroll of noise {unknown}
Potions
 b - a potion of magic
 g - a potion of curing
 i - a potion of flight


   Skills:
 + Level 1.6 Fighting
 + Level 1.6 Short Blades
 + Level 1.6 Long Blades
 + Level 1.6 Axes
 + Level 1.6 Maces & Flails
 + Level 1.6 Polearms
 + Level 1.6 Staves
 + Level 1.6 Ranged Weapons
 + Level 1.6 Throwing
 + Level 1.6 Armour
 + Level 4.8 Dodging
 + Level 4.4 Stealth
 + Level 1.6 Shields
 + Level 1.6 Unarmed Combat
 + Level 5.2 Spellcasting
 + Level 1.2 Conjurations
 + Level 1.2 Hexes
 + Level 1.2 Summonings
 + Level 1.2 Necromancy
 + Level 1.2 Translocations
 + Level 1.2 Transmutations
 + Level 1.2 Fire Magic
 + Level 7.2 Ice Magic
 + Level 1.2 Air Magic
 + Level 1.2 Earth Magic
 + Level 1.2 Poison Magic
 + Level 1.8 Invocations
 + Level 1.6 Evocations


You had 3 spell levels left.
You knew the following spells:

 Your Spells              Type           Power      Damage    Failure   Level
a - Freeze                Ice            100%       1d10      1%          1
b - Frozen Ramparts       Ice            54%        1d9       2%          3
c - Ozocubu's Armour      Ice            27%        N/A       2%          3
d - Summon Ice Beast      Ice/Summ       17%        N/A       26%         4

Your spell library contained the following spells:

 Spells                   Type           Power      Damage    Failure   Level


Dungeon Overview and Level Annotations

Branches:
Dungeon (2/15)

Altars:


Innate Abilities, Weirdness & Mutations

You have very sharp teeth.
Your uncanny sense of smell can sniff out nearby items.
Your experience applies equally to all skills.


Message History

You feel a little less clever now.
You feel yourself speed up.
You see here the felid skeleton of Natasha.
Things that are here:
a +0 dagger; a +0 sling
Found a stone staircase leading down.
A ball python comes into view.
Found a dagger.
There is a stone staircase leading down here.
An endoplasm comes into view.
Found a leather armour.
The ball python hisses angrily.
You hit the ball python.
The ball python is heavily wounded.
The ball python bites you. The ball python misses you.
You hit the ball python.
You kill the ball python!
The endoplasm quivers.
You hit the endoplasm. Your bite misses the endoplasm.
The endoplasm is lightly wounded.
The endoplasm closely misses you.
You hit the endoplasm.
You bite the endoplasm, but do no damage.
The endoplasm is heavily wounded.
You hit the endoplasm.
You kill the endoplasm!
No target in view!
No target in view!
There is a stone staircase leading up here.
Partly explored, can't reach some items and places.
There is a stone staircase leading up here.
There is a stone staircase leading down here.
There is a stone staircase leading up here.
There is an open door here.
You see here 4 stones.
Really walk into a travel-excluded area?
You are engulfed in blazing flames.
You are engulfed in blazing flames.
Ouch! That really hurt!
You die...

##########
.........#####
#######......#
###
#......#######
..#
#............#
..#
##.#####...###
..# ###.# #☼§§#
..# #...# #°○@#
..# #.#.# #☼○○#
..#
##.#.#####...#
..#
#.....§...[./.
..#
#####.☼○☼.[.$.§
)## #.§§§.$./.§
.# ######...##
.# #.§.# .#
#○§○#


There were no monsters in sight!

Vanquished Creatures
  Jessica (D:2)
  Natasha (thrice) (D:2)
  2 adders (D:2)
  A dart slug (D:1)
  10 endoplasms
  A giant cockroach (D:1)
  6 hobgoblins
  4 jackals (D:1)
  A quokka (D:1)
  5 ball pythons (D:2)
  2 bats (D:2)
  A frilled lizard (D:1)
  5 goblins
  5 kobolds
  3 rats
50 creatures vanquished.

Vanquished Creatures (others)
  A hobgoblin (D:2)
1 creature vanquished.

Grand Total: 51 creatures vanquished

Notes
Turn   | Place    | Note
-------+----------+-------------------------------------------
     0 | D:1      | AlmostDecent the Gnoll Ice Elementalist began the quest for
                  | the Orb.
     0 | D:1      | Reached XP level 1. HP: 13/13 MP: 6/6
    75 | D:1      | Reached XP level 2. HP: 16/19 MP: 1/7
   523 | D:1      | Reached skill level 5 in Spellcasting
   523 | D:1      | Reached XP level 3. HP: 22/25 MP: 4/9
   527 | D:1      | Learned a level 3 spell: Frozen Ramparts
   531 | D:1      | Learned a level 3 spell: Ozocubu's Armour
  1010 | D:2      | Reached skill level 1 in Invocations
  1074 | D:2      | Reached skill level 1 in Fighting
  1074 | D:2      | Reached skill level 1 in Short Blades
  1074 | D:2      | Reached skill level 1 in Long Blades
  1074 | D:2      | Reached skill level 1 in Axes
  1074 | D:2      | Reached skill level 1 in Maces & Flails
  1074 | D:2      | Reached skill level 1 in Polearms
  1074 | D:2      | Reached skill level 1 in Staves
  1074 | D:2      | Reached skill level 1 in Ranged Weapons
  1074 | D:2      | Reached skill level 1 in Throwing
  1074 | D:2      | Reached skill level 1 in Armour
  1074 | D:2      | Reached skill level 1 in Shields
  1074 | D:2      | Reached skill level 1 in Unarmed Combat
  1074 | D:2      | Reached skill level 1 in Evocations
  1138 | D:2      | Reached XP level 4. HP: 25/32 MP: 11/11
  1354 | D:2      | Noticed Jessica
  1360 | D:2      | Noticed Natasha
  1361 | D:2      | Killed Jessica
  1362 | D:2      | Reached skill level 1 in Conjurations
  1362 | D:2      | Reached skill level 1 in Hexes
  1362 | D:2      | Reached skill level 1 in Summonings
  1362 | D:2      | Reached skill level 1 in Necromancy
  1362 | D:2      | Reached skill level 1 in Translocations
  1362 | D:2      | Reached skill level 1 in Transmutations
  1362 | D:2      | Reached skill level 1 in Fire Magic
  1362 | D:2      | Reached skill level 1 in Air Magic
  1362 | D:2      | Reached skill level 1 in Earth Magic
  1362 | D:2      | Reached skill level 1 in Poison Magic
  1371 | D:2      | Killed Natasha
  1673 | D:2      | Reached XP level 5. HP: 37/37 MP: 12/12
  1678 | D:2      | Learned a level 4 spell: Summon Ice Beast
  1770 | D:2      | Noticed Natasha
  1779 | D:2      | Killed Natasha
  2021 | D:2      | Noticed Natasha
  2052 | D:2      | Killed Natasha
  2411 | D:2      | Engulfed by a cloud of flame

Illustrated notes

Levels and vault maps discovered:
D:1:      wander_arrival_estate, layout_basic, minmay_misc_feat_encased
D:2:      layout_basic, lemuel_flame_loot_1, uniq_natasha, uniq_jessica

Skill      XL: |  1  2  3  4 |
---------------+-------------+-----
Spellcasting   | 5 |  5.2
Invocations    | 1 |  1.8
Fighting       | 1 |  1.6
Short Blades   | 1 |  1.6
Long Blades    | 1 |  1.6
Axes           | 1 |  1.6
Maces & Flails | 1 |  1.6
Polearms       | 1 |  1.6
Staves         | 1 |  1.6
Ranged Weapons | 1 |  1.6
Throwing       | 1 |  1.6
Armour         | 1 |  1.6
Shields        | 1 |  1.6
Unarmed Combat | 1 |  1.6
Evocations     | 1 |  1.6
Conjurations   | 1 |  1.2
Hexes          | 1 |  1.2
Summonings     | 1 |  1.2
Necromancy     | 1 |  1.2
Translocations | 1 |  1.2
Transmutations | 1 |  1.2
Fire Magic     | 1 |  1.2
Air Magic      | 1 |  1.2
Earth Magic    | 1 |  1.2
Poison Magic   | 1 |  1.2
Dodging        | |  4.8
Stealth        | |  4.4
Ice Magic      | |  7.2

Action                     |  1- 3 |  4- 6 || total
---------------------------+-------+-------++-------
  Melee: Dagger            |     6 |       ||     6
         Short sword       |    23 |    38 ||    61
         Bite              |     1 |     3 ||     4
         Punch             |     1 |       ||     1
         Unarmed           |       |     4 ||     4
   Cast: Freeze            |    33 |     1 ||    34
         Frozen Ramparts   |       |     2 ||     2
         Ozocubu's Armour  |       |     1 ||     1
    Use: Potion            |       |     3 ||     3
   Stab: Sleeping          |     3 |     3 ||     6
 Armour: Robe              |     8 |     5 ||    13
  Dodge: Dodged            |    33 |    25 ||    58
